 Dungeon Crawl Stone Soup version 0.20.1-1-g8b1a95d66d (webtiles) character file.

129585 Jannitor the Slicer (level 17, -6/120 HPs)
             Began as a Halfling Chaos Knight on Nov 20, 2017.
             Mangled by a spark wasp (11 damage)
             ... on level 3 of the Spider Nest on Nov 23, 2017.
             The game lasted 01:47:21 (34393 turns).

Jannitor the Slicer (Halfling Chaos Knight)        Turns: 34393, Time: 01:47:23

Health: -6/120     AC: 21    Str: 15 (16) XL:     17   Next: 62%
Magic:  0/25       EV: 25    Int: 10      God:    Xom [......]
Gold:   757        SH:  8    Dex: 20      Spells: 15/16 levels left

rFire    . . .     SeeInvis +   b - +6 rapier (venom)
rCold    + . .     Gourm    .   E - +0 buckler
rNeg     . . .     Faith    .   z - +2 ring mail {rC+}
rPois    +         Spirit   +   M - +0 helmet
rElec    .         Reflect  .   R - +2 cloak {rPois}
rCorr    .         Harm     .   (no gloves)
MR       ++...                  e - +2 pair of boots {Stlth+}
Stlth    ++++++....             U - amulet of guardian spirit
Regen    0.7/turn               m - ring of poison resistance
MPRegen  0.2/turn               A - ring of see invisible

@: very slightly contaminated, studying Ice Magic
A: talons 1, icy blue scales 1, thin metallic scales 1, agile 1, magic
resistance 1, mutation resistance 1, regeneration 1, sturdy frame 1
a: Renounce Religion


You were on level 3 of the Spider Nest.
You worshipped Xom.
You were a very special plaything of Xom.
You were very hungry.

You visited 5 branches of the dungeon, and saw 28 of its levels.
You also visited: Ice Cave.

You collected 2516 gold pieces.
You spent 1759 gold pieces at shops.

Inventory:

Hand Weapons
 a - a +0 hunting sling of flaming
 b - a +6 rapier of venom (weapon)
Missiles
 r - 854 stones
 v - 5 throwing nets (quivered)
 N - 89 sling bullets
Armour
 e - a +2 pair of boots of stealth (worn)
 z - a +2 ring mail of cold resistance (worn)
 E - a +0 buckler (worn)
 H - the +1 helmet of the Quahog {-Tele rElec rN+++ Stlth-}
   (You bought it in a shop on level 14 of the Dungeon)

   It insulates you from electricity.
   It renders you almost immune to negative energy.
   It prevents most forms of teleportation.
   It makes you less stealthy.
 M - a +0 helmet (worn)
 R - a +2 cloak of poison resistance (worn)
Jewellery
 m - a ring of poison resistance (left hand)
 q - an uncursed ring of protection from magic
 A - a ring of see invisible (right hand)
 U - an amulet of guardian spirit (around neck)
Wands
 d - a wand of iceblast (6/15)
 h - a wand of confusion (27/48)
 l - a wand of lightning (8/15)
 p - a wand of iceblast (6/15)
 x - a wand of acid (1/15)
 y - a wand of acid (8/15)
 J - a wand of scattershot (4/9)
 P - a wand of lightning (6/15)
 Y - a wand of iceblast (2/15)
Scrolls
 f - 13 scrolls of remove curse
 g - 7 scrolls of enchant weapon
 u - 13 scrolls of teleportation
 F - 6 scrolls of blinking
 O - 3 scrolls of identify
 S - 4 scrolls of fog
 T - 4 scrolls of fear
 X - a scroll of enchant armour
 Z - 4 scrolls of recharging
Potions
 i - a potion of magic
 j - a potion of agility
 k - 10 potions of curing
 n - 4 potions of mutation
 s - 3 potions of flight
 D - 3 potions of haste
 G - 2 potions of heal wounds
 K - 3 potions of might
 L - a potion of ambrosia
 V - 3 potions of brilliance
Books
 Q - a manual of Ice Magic
 W - a manual of Ice Magic
Miscellaneous
 w - a lamp of fire (inert)
 I - a lightning rod (4/4)
Comestibles
 c - 12 bread rations
 o - 14 meat rations
 t - 9 royal jellies
 B - 25 fruits


   Skills:
 + Level 12.3 Fighting
 - Level 14.5 Short Blades
 - Level 5.9 Slings
 + Level 8.8 Armour
 + Level 13.7 Dodging
 - Level 13.9 Stealth
 - Level 10.3 Shields
 + Level 11.8 Evocations


You had 15 spell levels left.
You knew the following spells:

 Your Spells              Type           Power        Failure   Level  Hunger
a - Apportation           Tloc           #.....       45%         1    ##.....


Dungeon Overview and Level Annotations

Branches:
Dungeon (15/15)            Temple (0/1) D:5            Lair (6/6) D:9
  Swamp (1/4) Lair:3       Spider (4/4) Lair:3        Slime (0/5) Lair:6
    Orc (2/2) D:11            Elf (0/3) Orc:2        Vaults (0/5) D:14
 Depths (0/5) D:15

Altars:
Cheibriados
Elyvilon
Fedhas
Gozag
Hepliaklqana
Makhleb
Okawaru
Qazlal
Xom
Yredelemnul
Zin
Jiyva

Shops:
D:8 *(   D:10 %?%   D:14 [   Orc:1 [   Orc:2 ([?*

Annotations:
D:4 Blork the orc
D:5 Grinder
D:9 Naow's ghost, novice DEFE
Lair:1 exclusion: oklob plant


Innate Abilities, Weirdness & Mutations

You are small and have problems with some larger weapons.
You are somewhat resistant to further mutation.
You have sharp toenails.
You are partially covered in icy blue scales. (AC +2)
You are partially covered in thin metallic scales. (AC +2)
You are agile. (Dex +2)
You are resistant to hostile enchantments. (MR+)
Your natural rate of healing is unusually fast.
Your movements are slightly less encumbered by armour. (ER -2)


Message History

There is a stone staircase leading down here.
You feel much better. The spark wasp stings you! The spark wasp shocks you!
Throwing (i - inventory. (,) - cycle):
v - 6 throwing nets (quivered)
Press: ? - help, Shift-Dir - straight line, f - spark wasp
Aim: a spark wasp You throw a throwing net.
The throwing net barely misses the spark wasp.
The spark wasp stings you!
* * * LOW HITPOINT WARNING * * *
The spark wasp shocks you!
* * * LOW HITPOINT WARNING * * *
Unknown command.
Unknown command.
You feel much better. The spark wasp stings you!!
* * * LOW HITPOINT WARNING * * *
The spark wasp shocks you!
* * * LOW HITPOINT WARNING * * *
The spark wasp stings you!
You die...
Xom bursts into laughter!

#.#.....## #######
####.....### ##..#..###
#^....<..###.....##.###
##.........#..........###
###
##........##.........#.###..
#......####..>..........#..
##.....#(.....#............
#....^#.y....##...........
##.......@...#...^>.##...#
#........^.######.###..##
############ ### ####


You could see a spark wasp.

Vanquished Creatures
  Arachne (Spider:4)
  A ghost moth (Spider:3)
  An orc warlord (Orc:2)
  2 emperor scorpions (Spider:3)
  2 entropy weavers
  A dire elephant (shapeshifter) (D:14)
  The ghost of melya010386 the Cleaver, a journeyman MiFi of Okawaru (Orc:2)
  Snorg (Orc:1)
  Josephine (Orc:2)
  2 ogre magi (Orc:2)
  Harold (Lair:3)
  6 hydras
  A catoblepas (Lair:6)
  2 centaur warriors
  A tengu warrior (D:14)
  12 two-headed ogres
  An alligator (Spider:3)
  10 death yaks
  A deep troll shaman (Lair:6)
  The ghost of Sludgepup the Fighter, a journeyman FeFi of Ru (IceCv)
  An orc high priest (Orc:2)
  A spriggan (Lair:3)
  Nergalle (D:11)
  A fire crab (shapeshifter) (D:14)
  A flayed ghost (D:13)
  An unseen horror (D:10)
  2 deep trolls (Orc:1)
  A deep elf archer (Orc:2)
  The ghost of tensugalgo the Gouger, a novice FeMo of Ashenzari (Lair:2)
  An orc knight (Orc:2)
  A wizard (D:15)
  11 wolf spiders
  A wolf spider zombie (D:13)
  A necromancer (IceCv)
  6 orb spiders
  2 deep elf magi (Orc:2)
  2 moths of wrath
  3 ugly things
  4 cyclopes
  An orc sorcerer (Orc:2)
  Maurice (D:8)
  3 black mambas
  An ice statue (IceCv)
  32 elephants
  11 spiny frogs
  5 centaur skeletons
  A redback zombie (D:15)
  10 freezing wraiths (IceCv)
  A kobold demonologist (D:13)
  2 rime drakes
  6 komodo dragons
  8 demonic crawlers
  A rime drake (shapeshifter) (D:13)
  An ice devil (D:12)
  A tengu conjurer (D:14)
  A yaktaur (D:15)
  2 polar bears (Lair:6)
  6 meliai
  10 jumping spiders
  2 wolf spider simulacra (IceCv)
  16 trolls
  31 blink frogs
  3 hornets
  11 dream sheep
  2 slime creatures (D:14)
  9 hippogriffs
  3 wyverns
  42 redbacks
  20 yaks
  3 shadows
  14 tarantellas
  5 wraiths
  Eustachio (D:5)
  3 fire bats (D:13)
  A basilisk (D:14)
  A steam dragon (D:4)
  Menkaure (D:6)
  2 vampire mosquitoes (D:15)
  2 hungry ghosts
  A warg (Orc:1)
  10 water moccasins
  4 porcupines
  18 orc warriors
  3 sky beasts
  7 ice beasts
  A black bear (Lair:6)
  An eye of draining (shapeshifter) (D:15)
  26 ogres
  5 phantoms
  A necrophage (D:10)
  7 wolves
  4 boggarts (D:15)
  6 centaurs
  3 big kobolds
  8 crocodiles
  15 bullfrogs
  A wyvern zombie (D:13)
  A wyvern skeleton (D:12)
  6 scorpions
  4 killer bees
  A swamp dragon simulacrum (IceCv)
  3 wights (D:10)
  2 electric eels
  6 howler monkeys
  A bullfrog zombie (D:9)
  4 crimson imps
  A quasit (D:8)
  5 centaur zombies
  4 draconian simulacra (IceCv)
  A hound (D:8)
  4 jellies
  16 orc priests
  11 orc wizards
  A bullfrog skeleton (D:7)
  3 iguanas
  10 worker ants
  A spriggan simulacrum (IceCv)
  6 troll simulacra (IceCv)
  A centaur simulacrum (IceCv)
  A hound zombie (D:10)
  2 howler monkey zombies
  2 worker ant zombies
  Robin (D:2)
  6 gnolls
  A howler monkey skeleton (D:9)
  6 naga simulacra (IceCv)
  16 adders
  2 ogre simulacra (IceCv)
  2 shadow imps
  10 white imps (IceCv)
  An ooze (D:1)
  An adder skeleton (D:9)
  2 adder zombies
  5 leopard geckos
  53 orcs
  5 giant cockroaches
  A goblin (shapeshifter) (D:4)
  16 goblins
  12 hobgoblins
  5 jackals
  16 kobolds
  6 quokkas
  3 ball pythons
  A ball python skeleton (D:4)
  13 bats
  8 frilled lizards
  A leopard gecko zombie (D:7)
  4 rats
782 creatures vanquished.

Vanquished Creatures (collateral kills)
  4 death yaks
  A two-headed ogre (Orc:1)
  2 ugly things (D:14)
  A torpor snail (Spider:3)
  A jumping spider (Spider:2)
  A hornet (Spider:4)
  2 dream sheep (Lair:4)
  2 slime creatures (D:14)
  A redback (Spider:3)
  2 shadows (D:13)
  A wraith (D:13)
  A fire bat (D:13)
  A water moccasin (D:8)
  3 ice beasts (IceCv)
  A scorpion (D:7)
  Jessica (D:3)
  A wolf simulacrum (IceCv)
  2 white imps (IceCv)
  A leopard gecko (D:3)
  A fungus (Lair:2)
30 creatures vanquished.

Vanquished Creatures (others)
  A dancing weapon (D:15)
  An ice devil (D:12)
  A blink frog (shapeshifter) (D:14)
  A redback (shapeshifter) (D:14)
  2 centaurs (D:14)
  A bush (Lair:5)
  22 fungi
  13 plants
42 creatures vanquished.

Grand Total: 854 creatures vanquished

Notes
Turn   | Place    | Note
-------+----------+-------------------------------------------
     0 | D:1      | Jannitor the Halfling Chaos Knight began the quest for the Orb.
     0 | D:1      | Reached XP level 1. HP: 15/15 MP: 1/1
    82 | D:1      | XOM: potion effect (agility)
   103 | D:1      | XOM: silly message
   204 | D:1      | Reached XP level 2. HP: 18/20 MP: 2/2
   299 | D:1      | Reached skill level 4 in Short Blades
   489 | D:1      | XOM: cast spell 'Alistair's Intoxication'
   490 | D:1      | Reached XP level 3. HP: 26/26 MP: 3/3
   635 | D:2      | XOM: divination: detect creatures
   797 | D:2      | Reached skill level 1 in Stealth
   815 | D:2      | XOM: enchant monster (bad)
   855 | D:2      | Reached XP level 4. HP: 31/31 MP: 4/4
  1047 | D:2      | XOM: harmless Erth miscast
  1089 | D:2      | Noticed Robin
  1138 | D:2      | Killed Robin
  1226 | D:2      | Reached XP level 5. HP: 36/36 MP: 5/5
  2230 | D:3      | Noticed Jessica
  2237 | D:3      | Killed Jessica
  2237 | D:3      | Reached skill level 1 in Slings
  2237 | D:3      | Reached XP level 6. HP: 43/43 MP: 6/6
  2490 | D:3      | Reached skill level 5 in Short Blades
  2581 | D:3      | XOM: divination: magic mapping
  2587 | D:4      | XOM: medium Chrm miscast
  2650 | D:4      | XOM: give mutations
  2650 | D:4      | Gained mutation: You are frail. (-10% HP) [Xom's mischief]
  2650 | D:4      | Lost mutation: You are frail. (-10% HP) [Xom's mischief]
  2677 | D:4      | Noticed a phantom
  2680 | D:4      | XOM: chaos cloud
  2681 | D:4      | XOM: mild Summ miscast
  2749 | D:4      | XOM: silly message
  2765 | D:3      | Gained mutation: You occasionally shout uncontrollably at your foes. [mutagenic meat]
  2901 | D:3      | XOM: draining
  3044 | D:4      | Noticed Ijyb
  3051 | D:4      | Noticed Ijyb
  3051 | D:4      | Ijyb changed into Ijyb the steam dragon
  3065 | D:4      | Killed Ijyb the steam dragon
  3065 | D:4      | Reached XP level 7. HP: 18/48 MP: 7/7
  3379 | D:4      | Found a glowing silver altar of Zin.
  3380 | D:4      | Found a burning altar of Makhleb.
  3380 | D:4      | Found an opulent altar of Gozag.
  3380 | D:4      | Found a hazy altar of Hepliaklqana.
  3388 | D:4      | Found a shimmering altar of Xom.
  3390 | D:4      | Found a snail-covered altar of Cheibriados.
  3443 | D:4      | Found a stormy altar of Qazlal.
  3495 | D:4      | XOM: 1-stop teleportation journey
  3577 | D:4      | XOM: harmless Chrm miscast
  3744 | D:4      | XOM: cloud trail
  3917 | D:4      | Noticed a water elemental
  3918 | D:4      | Noticed an air elemental
  3918 | D:4      | Noticed a fire elemental
  3958 | D:5      | Entered Level 5 of the Dungeon
  3958 | D:5      | Noticed Blork the orc
  3972 | D:4      | XOM: confuse monster(s)
  3999 | D:4      | Gained mutation: You are robust. (+10% HP) [mutagenic meat]
  4115 | D:4      | XOM: god gift: scroll labeled FUETEO VUMNO {god gift}
  4320 | D:3      | XOM: harmless Pois miscast
  4569 | D:5      | Reached XP level 8. HP: 40/59 MP: 8/8
  4732 | D:5      | Found a shimmering altar of Xom.
  4988 | D:5      | Found an opulent altar of Gozag.
  4989 | D:5      | Noticed Grinder
  5012 | D:5      | Noticed Eustachio
  5034 | D:5      | XOM: summons friendly iron imp
  5042 | D:5      | XOM: summons friendly ufetubus
  5055 | D:5      | XOM: potion effect (brilliance)
  5078 | D:5      | XOM: summons friendly iron imp
  5085 | D:5      | Killed Eustachio
  5085 | D:5      | Reached skill level 6 in Short Blades
  5419 | D:5      | Found a staircase to the Ecumenical Temple.
  5484 | D:6      | Reached skill level 5 in Fighting
  5511 | D:6      | XOM: 2-stop teleportation journey
  5512 | D:6      | Noticed Menkaure
  5512 | D:6      | Killed Menkaure
  5512 | D:6      | Reached skill level 5 in Slings
  5512 | D:6      | Reached skill level 5 in Stealth
  5659 | D:6      | Reached skill level 5 in Dodging
  5774 | D:6      | XOM: enchant monster (good)
  5786 | D:6      | Reached XP level 9. HP: 60/67 MP: 9/9
  6127 | D:7      | Reached skill level 7 in Short Blades
  6129 | D:7      | XOM: cast spell 'Summon Hydra'
  6172 | D:7      | XOM: give mutations
  6172 | D:7      | Gained mutation: You are covered in fur. (AC +1) [Xom's grace]
  6172 | D:7      | Gained mutation: You are resistant to hostile enchantments. (MR+) [Xom's grace]
  6229 | D:7      | XOM: 2-stop teleportation journey
  6251 | D:7      | XOM: scenery: 1 doors open
  6377 | D:7      | Found an iron altar of Okawaru.
  6576 | D:7      | Reached skill level 1 in Shields
  6581 | D:7      | XOM: enchant monster (bad)
  6649 | D:7      | XOM: god gift: club {god gift}
  6739 | D:7      | XOM: stat loss: -1 Str (15/16)
  6970 | D:7      | XOM: enchant monster (bad)
  6974 | D:7      | XOM: mild Air miscast
  7124 | D:8      | XOM: summons 2 friendly demons
  7137 | D:8      | XOM: scenery: 1 doors open, 1 doors close
  7756 | D:8      | XOM: cast spell 'Summon Small Mammal'
  7804 | D:8      | Noticed a two-headed ogre
  7823 | D:8      | XOM: mild Erth miscast
  7827 | D:8      | XOM: potion effect (heal wounds)
  7839 | D:8      | XOM: butterfly on damage
  7840 | D:8      | XOM: harmless Pois miscast
  7843 | D:8      | XOM: cloud trail
  7847 | D:8      | XOM: cast spell 'Olgreb's Toxic Radiance'
  7917 | D:7      | XOM: mild Air miscast
  8120 | D:7      | XOM: scenery: 1 doors close
  8188 | D:8      | Found Mutuf's Weapon Shop.
  8223 | D:8      | XOM: enchant monster (bad)
  8424 | D:8      | Noticed a two-headed ogre
  8425 | D:8      | XOM: potion effect (invisibility)
  8438 | D:8      | Killed a two-headed ogre
  8438 | D:8      | Reached skill level 8 in Short Blades
  8438 | D:8      | Reached skill level 1 in Evocations
  8438 | D:8      | Reached XP level 10. HP: 62/75 MP: 9/11
  8527 | D:8      | XOM: potion effect (brilliance)
  8606 | D:8      | XOM: cloud trail
  8637 | D:8      | Noticed Maurice
  8644 | D:8      | XOM: cleaving
  8648 | D:8      | XOM: 3-stop teleportation journey
  8676 | D:8      | Killed Maurice
  8762 | D:8      | Killed a two-headed ogre
  9112 | D:8      | Found Jeimir's Changing Room.
  9233 | D:9      | Noticed a two-headed ogre
  9240 | D:9      | Killed a two-headed ogre
  9240 | D:9      | Reached skill level 9 in Short Blades
  9253 | D:9      | XOM: summons 2 hostile demons
  9330 | D:9      | Noticed Naow's ghost (novice DEFE)
  9341 | D:9      | XOM: 5-stop teleportation journey
  9342 | D:9      | Reached XP level 11. HP: 81/81 MP: 13/13
  9409 | D:9      | XOM: mild Chrm miscast
  9432 | D:9      | Reached skill level 5 in Shields
  9624 | D:9      | Noticed a death yak
  9625 | D:9      | Found a staircase to the Lair.
  9625 | D:9      | Noticed a death yak
  9626 | D:9      | Noticed a death yak
  9643 | D:9      | XOM: blink monster(s)
  9660 | D:9      | XOM: torment (42/82 hp)
  9683 | D:9      | XOM: mild Erth miscast
  9798 | Lair:1   | Entered Level 1 of the Lair of Beasts
  9870 | Lair:1   | XOM: noise
  9871 | Lair:1   | XOM: summons 5 hostile demons
 10016 | Lair:1   | Noticed an oklob plant
 10026 | Lair:1   | XOM: potion effect (curing)
 10334 | Lair:1   | XOM: enchant monster (bad)
 10429 | Lair:1   | XOM: mild Air miscast
 10478 | Lair:1   | XOM: potion effect (brilliance)
 11040 | Lair:2   | Reached skill level 10 in Short Blades
 11050 | Lair:2   | Noticed an elephant
 11051 | Lair:2   | Noticed an elephant
 11052 | Lair:2   | Noticed an elephant
 11056 | Lair:2   | Noticed an elephant
 11056 | Lair:2   | Noticed an elephant
 11066 | Lair:2   | XOM: 1-stop teleportation journey
 11071 | Lair:2   | Reached skill level 5 in Evocations
 11180 | Lair:2   | Noticed tensugalgo's ghost (novice FeMo)
 11184 | Lair:2   | Noticed an elephant
 11185 | Lair:2   | Noticed an elephant
 11188 | Lair:2   | Noticed an elephant
 11188 | Lair:2   | Noticed an elephant
 11188 | Lair:2   | XOM: swap monsters
 11190 | Lair:2   | Noticed an elephant
 11190 | Lair:2   | XOM: cleaving
 11207 | Lair:2   | XOM: potion effect (curing)
 11220 | Lair:1   | XOM: potion effect (heal wounds)
 11232 | Lair:1   | Killed an elephant
 11238 | Lair:1   | XOM: potion effect (invisibility)
 11251 | Lair:1   | Killed an elephant
 11256 | Lair:1   | XOM: silly message
 11379 | Lair:1   | XOM: potion effect (agility)
 11386 | Lair:1   | Killed an elephant
 11386 | Lair:1   | Reached XP level 12. HP: 90/90 MP: 15/15
 11513 | Lair:2   | XOM: harmless Hex miscast
 11651 | Lair:2   | Killed tensugalgo's ghost
 11780 | Lair:2   | XOM: potion effect (heal wounds)
 11788 | Lair:2   | XOM: fog
 11795 | Lair:2   | XOM: destruction
 11807 | Lair:2   | XOM: summons friendly white imp
 11815 | Lair:2   | XOM: summons 9 friendly demons
 11834 | Lair:2   | Reached skill level 10 in Stealth
 11838 | Lair:2   | XOM: smoke on damage
 12550 | Lair:2   | XOM is BORED!
 12550 | Lair:2   | XOM: noise
 12796 | Lair:3   | XOM: harmless Hex miscast
 12848 | Lair:3   | Found a hole to the Spider Nest.
 12859 | Lair:3   | Noticed Harold
 12869 | Lair:3   | Killed Harold
 12972 | Lair:3   | Found a staircase to the Swamp.
 13038 | Lair:3   | XOM: confusion (+ monsters)
 13310 | Lair:3   | XOM: give mutations
 13310 | Lair:3   | Lost mutation: You are covered in fur. (AC +1) [Xom's mischief]
 13310 | Lair:3   | Lost mutation: You are robust. (+10% HP) [Xom's mischief]
 13310 | Lair:3   | Gained mutation: Your magical capacity is low. (-10% MP) [Xom's mischief]
 13310 | Lair:3   | Gained mutation: Scrolls take you a little longer to read. [Xom's mischief]
 13624 | Lair:4   | XOM: 4-stop teleportation journey
 13765 | Lair:4   | XOM: confuse monster(s)
 13780 | Lair:4   | XOM: medium Ice miscast
 14004 | Lair:4   | Reached skill level 11 in Short Blades
 14075 | Lair:4   | XOM: summons 2 hostile shadow creatures
 14096 | Lair:4   | Reached XP level 13. HP: 55/90 MP: 11/16
 14344 | Lair:4   | XOM: fog
 14347 | Lair:4   | XOM: cleaving
 14359 | Lair:4   | XOM: summons 4 friendly demons
 14365 | Lair:4   | XOM: confuse monster(s)
 14370 | Lair:4   | XOM: summons friendly shadow imp
 14376 | Lair:4   | XOM: summons 2 friendly demons
 14399 | Lair:4   | XOM: polymorph soul eater -> sun demon
 14807 | Lair:4   | XOM: summons 2 friendly demons
 14812 | Lair:4   | XOM: divination: detect creatures
 14829 | Lair:4   | Reached skill level 10 in Dodging
 14865 | Lair:4   | XOM: summons 6 hostile demons
 14879 | Lair:4   | XOM: give mutations
 14879 | Lair:4   | Gained mutation: You have sharp toenails. [Xom's grace]
 14879 | Lair:4   | Gained mutation: You are partially covered in icy blue scales. (AC +2) [Xom's grace]
 14879 | Lair:4   | Gained mutation: You are highly resistant to hostile enchantments. (MR++) [Xom's grace]
 14879 | Lair:4   | Gained mutation: Your movements are slightly less encumbered by armour. (ER -2) [Xom's grace]
 15026 | Lair:5   | XOM: summons 3 friendly demons
 15279 | Lair:5   | XOM: god gift: 14 gold pieces
 15428 | Lair:5   | XOM: enchant monster (good)
 15435 | Lair:5   | XOM: give mutation
 15435 | Lair:5   | Gained mutation: You are partially covered in thin metallic scales. (AC +2) [Xom's grace]
 15437 | Lair:5   | XOM: swap monsters
 15440 | Lair:5   | XOM: chaos cloud
 15442 | Lair:5   | XOM: god gift: potion of brilliance
 15445 | Lair:5   | XOM: mild Chrm miscast
 15449 | Lair:5   | XOM: noise
 15477 | Lair:5   | XOM: summons 4 hostile demons
 15691 | Lair:5   | XOM: harmless Air miscast
 15701 | Lair:5   | XOM: blink monster(s)
 15725 | Lair:4   | XOM: divination: detect items
 15778 | Lair:4   | XOM: summons 2 hostile demons
 15803 | Lair:5   | XOM: noise
 15875 | Lair:5   | XOM: give mutations
 15875 | Lair:5   | Gained mutation: Armour fits poorly on your strangely shaped body. [Xom's mischief]
 15875 | Lair:5   | Gained mutation: You have razor-sharp toenails. [Xom's mischief]
 15875 | Lair:5   | Lost mutation: You have razor-sharp toenails. [Xom's mischief]
 15875 | Lair:5   | Lost mutation: You are highly resistant to hostile enchantments. (MR++) [Xom's mischief]
 15901 | Lair:5   | XOM: summons 6 hostile demons
 15905 | Lair:5   | XOM: noise
 16055 | Lair:5   | XOM: summons friendly iron imp
 16081 | Lair:5   | XOM: 2-stop teleportation journey
 16103 | Lair:5   | XOM: fake destruction
 16113 | Lair:5   | XOM: scenery: 1 doors open
 16126 | Lair:5   | XOM: swap monsters
 16129 | Lair:5   | XOM: potion effect (invisibility)
 16135 | Lair:5   | XOM: cleaving
 16254 | Lair:5   | Identified the +3 lajatang of Destiny {slice, rF+ Str+3 Dex+2 Stlth-} (You found it on level 5 of the Lair of Beasts)
 16263 | Lair:5   | XOM: enchant monster (good)
 16272 | Lair:5   | XOM: enchant monster (good)
 16286 | Lair:5   | Reached XP level 14. HP: 43/97 MP: 8/18
 16342 | Lair:5   | XOM: cast spell 'Olgreb's Toxic Radiance'
 16346 | Lair:5   | XOM: give mutation
 16346 | Lair:5   | Gained mutation: Your magical capacity is very low. (-20% MP) [Xom's mischief]
 16505 | Lair:5   | XOM: god gift: 18 sling bullets
 16529 | Lair:5   | XOM: give mutation
 16529 | Lair:5   | Gained mutation: Your spells are a little harder to cast, but a little more powerful. [Xom's grace]
 16615 | Lair:5   | XOM: mild Tmut miscast
 16727 | Lair:5   | XOM is BORED!
 16727 | Lair:5   | XOM: mild Fire miscast
 16930 | Lair:5   | XOM: medium Ice miscast
 16944 | Lair:6   | Entered Level 6 of the Lair of Beasts
 16959 | Lair:6   | XOM: potion effect (invisibility)
 16960 | Lair:6   | XOM: medium Chrm miscast
 16974 | Lair:6   | Reached skill level 12 in Short Blades
 16990 | Lair:6   | XOM: polymorph black mamba -> komodo dragon
 17008 | Lair:6   | XOM: harmless Pois miscast
 17127 | Lair:6   | XOM: harmless Chrm miscast
 17138 | Lair:5   | XOM: enchant monster (bad)
 17143 | Lair:5   | XOM: blink monster(s)
 17388 | Lair:6   | XOM: swap monsters
 17391 | Lair:6   | XOM: potion effect (might)
 17527 | Lair:5   | XOM: silly message
 17539 | Lair:5   | XOM: divination: detect creatures
 17545 | Lair:5   | XOM: cast spell 'Summon Butterflies'
 17663 | Lair:5   | XOM: potion effect (berserk rage)
 17696 | Lair:6   | XOM: cast spell 'Summon Small Mammal'
 17927 | Lair:6   | XOM: harmless Necr miscast
 18008 | Lair:6   | XOM: cast spell 'Leda's Liquefaction'
 18030 | Lair:6   | XOM: harmless Ice miscast
 18247 | Lair:6   | XOM: noise
 18355 | Lair:6   | Reached skill level 10 in Fighting
 18379 | Lair:6   | XOM: blink monster(s)
 18442 | Lair:6   | Reached skill level 10 in Shields
 18572 | Lair:6   | XOM: cloud trail
 18686 | Lair:6   | XOM: harmless Necr miscast
 18700 | Lair:6   | XOM: cast spell 'Ring of Flames'
 18804 | Lair:6   | Found a viscous altar of Jiyva.
 18805 | Lair:6   | Found a staircase to the Slime Pits.
 18830 | Lair:6   | XOM: enchant monster (good)
 18947 | Lair:6   | XOM: god gift: cloak {god gift}
 18991 | Lair:6   | XOM: summons 2 friendly demons
 18995 | Lair:6   | XOM: divination: detect items
 19020 | Lair:6   | XOM: smoke on damage
 19021 | Lair:6   | XOM: divination: magic mapping
 19041 | Lair:6   | XOM: chaos cloud
 19057 | Lair:6   | XOM: divine lightning
 19325 | Lair:5   | XOM: divine lightning
 19354 | Lair:5   | XOM: god gift: 48 gold pieces
 19357 | Lair:5   | XOM: harmless Tloc miscast
 19595 | Lair:6   | XOM: medium Hex miscast
 19654 | Lair:6   | XOM: confuse monster(s)
 19683 | Lair:6   | XOM: give mutation
 19683 | Lair:6   | Lost mutation: Your spells are a little harder to cast, but a little more powerful. [Xom's mischief]
 19795 | Lair:6   | XOM: medium Erth miscast
 19968 | D:9      | XOM: blink monster(s)
 20017 | D:9      | XOM: smoke on damage
 20200 | D:9      | XOM: 2-stop teleportation journey
 20353 | D:10     | Entered Level 10 of the Dungeon
 20478 | D:10     | XOM: scenery: 1 doors open
 20547 | D:10     | Found Wausk's Food Emporium.
 20641 | D:10     | XOM: divination: magic mapping
 20800 | D:10     | Found Elamed's Food Shoppe.
 20981 | D:10     | XOM: 1-stop teleportation journey
 21162 | D:10     | Found Zakak's Magic Scroll Boutique.
 21191 | D:10     | Bought a scroll of blinking for 97 gold pieces
 21191 | D:10     | Bought a scroll of teleportation for 39 gold pieces
 21417 | D:10     | XOM: scenery: 1 doors close
 21531 | D:10     | XOM: give mutations
 21531 | D:10     | Lost mutation: Armour fits poorly on your strangely shaped body. [Xom's mischief]
 21531 | D:10     | Lost mutation: Scrolls take you a little longer to read. [Xom's mischief]
 21531 | D:10     | Lost mutation: You occasionally shout uncontrollably at your foes. [Xom's mischief]
 21589 | D:11     | Reached XP level 15. HP: 103/103 MP: 17/17
 21616 | D:11     | XOM: summons friendly shadow imp
 21845 | D:11     | XOM: enchant monster (bad)
 21856 | D:11     | XOM: chaos upgrade
 21933 | D:10     | XOM: mild Pois miscast
 22165 | D:11     | XOM: harmless Air miscast
 22203 | D:11     | XOM is BORED!
 22203 | D:11     | XOM: mild Fire miscast
 22237 | D:11     | Found a staircase to the Orcish Mines.
 22275 | D:11     | Noticed Nergalle
 22283 | D:11     | Killed Nergalle
 22521 | D:11     | XOM: god gift: scroll of noise
 22526 | D:11     | XOM: polymorph big kobold -> ogre
 22660 | Orc:1    | Entered Level 1 of the Orcish Mines
 22833 | Orc:2    | Entered Level 2 of the Orcish Mines
 22833 | Orc:2    | Found Xumaffuo's Antique Armour Shop.
 22833 | Orc:2    | Found Pissy's Weapon Boutique.
 22834 | Orc:2    | Reached skill level 13 in Short Blades
 22844 | Orc:1    | XOM: enchant monster (good)
 22950 | Orc:1    | Found Awiu's Antique Armour Emporium.
 23002 | Orc:1    | Bought a crude plate armour for 1008 gold pieces
 23002 | Orc:1    | Identified the +4 plate armour of New Discoveries {+Inv rC+ Int-5} (You bought it in a shop on level 1 of the Orcish Mines)
 23085 | Orc:2    | Noticed Snorg
 23133 | Orc:1    | XOM: confuse monster(s)
 23142 | Orc:1    | XOM: divination: detect items
 23368 | Orc:2    | XOM: summons friendly crimson imp
 23378 | Orc:1    | XOM: cast spell 'Summon Mana Viper'
 23383 | Orc:1    | XOM: enchant monster (bad)
 23429 | Orc:1    | Killed Snorg
 23705 | Orc:1    | XOM: potion effect (curing)
 23727 | Orc:2    | XOM: divination: magic mapping
 23903 | Orc:2    | Found Moank's General Store.
 23924 | Orc:2    | XOM: noise
 23947 | Orc:2    | Found a staircase to the Elven Halls.
 23949 | Orc:2    | Bought a pair of embroidered boots for 172 gold pieces
 23970 | Orc:2    | Found Lienn's Magic Scroll Shop.
 23983 | Orc:2    | Noticed Josephine
 23986 | Orc:2    | Killed Josephine
 23986 | Orc:2    | Reached skill level 10 in Evocations
 23988 | Orc:2    | XOM: divination: detect items
 24026 | Orc:2    | Bought a scroll of enchant weapon for 82 gold pieces
 24051 | Orc:2    | Bought a scroll of recharging for 133 gold pieces
 24258 | Orc:2    | Noticed melya010386's ghost (journeyman MiFi)
 24263 | Orc:2    | Noticed an orc warlord
 24286 | Orc:2    | XOM: confuse monster(s)
 24296 | Orc:2    | Killed an orc warlord
 24312 | Orc:2    | Killed melya010386's ghost
 24361 | Orc:2    | XOM: scenery: create altars
 25203 | D:12     | Found a frozen archway.
 25234 | D:12     | XOM: destruction
 25235 | D:12     | XOM: fog
 25246 | D:12     | XOM: summons 4 friendly demons
 25262 | IceCv    | Entered an ice cave
 25307 | IceCv    | XOM: enchant monster (good)
 25488 | IceCv    | XOM: 1-stop teleportation journey
 25605 | IceCv    | XOM: confuse monster(s)
 25649 | IceCv    | XOM: harmless Ice miscast
 25730 | IceCv    | Reached skill level 5 in Armour
 25803 | IceCv    | XOM: harmless Tloc miscast
 25828 | IceCv    | XOM: enchant monster (good)
 25914 | IceCv    | Noticed Sludgepup's ghost (journeyman FeFi)
 25944 | IceCv    | XOM: scenery: create altars
 25956 | IceCv    | XOM: enchant monster (bad)
 25977 | IceCv    | Killed Sludgepup's ghost
 25977 | IceCv    | Reached XP level 16. HP: 91/112 MP: 15/18
 26168 | IceCv    | XOM: stat loss: -1 Str (15/16)
 26367 | IceCv    | XOM: noise
 26468 | IceCv    | XOM: summons 3 hostile shadow creatures
 26664 | IceCv    | XOM: potion effect (haste)
 26760 | IceCv    | XOM: 1-stop teleportation journey
 26942 | IceCv    | XOM: confuse monster(s)
 26963 | IceCv    | Found an ancient bone altar of Kikubaaqudgha.
 27379 | D:12     | XOM: confusion (+ monsters)
 27429 | D:12     | XOM: god gift: club {god gift}
 27891 | D:13     | XOM: god gift: club {god gift}
 27980 | D:13     | Found a runed door.
 28015 | D:13     | Found a glowing silver altar of Zin.
 28032 | D:13     | Found a basalt altar of Yredelemnul.
 28053 | D:13     | Reached skill level 14 in Short Blades
 28058 | D:13     | Identified the +4 lajatang "Widowmaker" {slice, rN+} (You found it on level 13 of the Dungeon)
 28066 | D:13     | Found a blossoming altar of Fedhas.
 28075 | D:13     | Found a glowing silver altar of Zin.
 28090 | D:13     | Found a basalt altar of Yredelemnul.
 28136 | D:13     | XOM: cast spell 'Monstrous Menagerie'
 28145 | D:13     | Found a snail-covered altar of Cheibriados.
 28286 | D:13     | XOM: stat loss: -1 Dex (17/18)
 28289 | D:13     | XOM: god gift: scroll of enchant armour
 28377 | D:13     | XOM: summons 3 hostile shadow creatures
 28397 | D:13     | XOM: cloud trail
 28533 | D:14     | Found Xizximox's Antique Armour Shoppe.
 28553 | D:14     | XOM: summons 13 friendly demons
 28595 | D:14     | Bought a scorched helmet for 228 gold pieces
 28623 | D:14     | Identified the +1 helmet of the Quahog {-Tele rElec rN+++ Stlth-} (You bought it in a shop on level 14 of the Dungeon)
 28641 | D:14     | XOM: 5-stop teleportation journey
 28652 | D:14     | Found a gate to the Vaults.
 28658 | D:14     | XOM: divine lightning
 28667 | D:14     | XOM: divine lightning
 28681 | D:14     | XOM: cleaving
 28820 | D:14     | Found a white marble altar of Elyvilon.
 28876 | D:14     | XOM: summons 6 friendly demons
 28878 | D:14     | XOM: 1-stop teleportation journey
 28882 | D:14     | XOM: noise
 29002 | D:14     | XOM is BORED!
 29002 | D:14     | XOM: mild Hex miscast
 29017 | D:14     | XOM: chaos cloud
 29143 | D:14     | XOM: 1-stop teleportation journey
 29266 | D:14     | Gained mutation: You are agile. (Dex +2) [mutagenic meat]
 29268 | D:14     | Gained mutation: Your natural rate of healing is unusually fast. [mutagenic meat]
 29594 | D:15     | Entered Level 15 of the Dungeon
 29657 | D:15     | XOM: enchant monster (bad)
 29784 | D:15     | XOM: scenery: 1 doors close
 29838 | D:15     | Found a staircase to the Depths.
 29838 | D:15     | XOM: 1-stop teleportation journey
 29839 | D:15     | Noticed a fire giant
 29891 | D:15     | XOM: blink monster(s)
 30266 | D:15     | XOM: scenery: 1 doors close
 30497 | D:15     | XOM: harmless Pois miscast
 30638 | D:15     | XOM: harmless Necr miscast
 30942 | Swamp:1  | Entered Level 1 of the Swamp
 30986 | Lair:3   | XOM: god gift: papyrus book {god gift}
 30992 | Lair:3   | Learned a level 1 spell: Apportation
 31023 | Spider:1 | Entered Level 1 of the Spider Nest
 31701 | Spider:1 | XOM: silly message
 31733 | Spider:1 | XOM: mild Chrm miscast
 31752 | Spider:1 | XOM: silly message
 32136 | Spider:2 | XOM: harmless Conj miscast
 32144 | Spider:2 | XOM: divination: detect items
 32147 | Spider:2 | Reached XP level 17. HP: 119/119 MP: 20/20
 32169 | Spider:2 | XOM: summons friendly quasit
 32186 | Spider:2 | XOM: cast spell 'Olgreb's Toxic Radiance'
 32213 | Spider:2 | XOM: god gift: lumpy red potion {god gift}
 32257 | Spider:2 | XOM: scenery: create altars
 32379 | Spider:2 | XOM: enchant monster (good)
 32736 | Spider:3 | XOM: summons 4 friendly demons
 32750 | Spider:3 | XOM: summons 3 hostile demons
 32761 | Spider:3 | XOM: stat loss: -1 Str (15/16)
 32956 | Spider:3 | XOM: swap monsters
 32999 | Spider:3 | XOM: scenery: create altars
 33007 | Spider:3 | XOM: mild Tmut miscast
 33104 | Spider:3 | XOM: severe Air miscast
 33444 | Spider:3 | XOM: medium Conj miscast
 33461 | Spider:3 | XOM: give mutation
 33461 | Spider:3 | Lost mutation: Your magical capacity is very low. (-20% MP) [Xom's mischief]
 33561 | Spider:3 | XOM: noise
 33581 | Spider:3 | XOM: summons friendly iron imp
 33585 | Spider:3 | XOM: confuse monster(s)
 33601 | Spider:3 | XOM: summons friendly ufetubus
 33605 | Spider:3 | XOM: confuse monster(s)
 33690 | Spider:3 | XOM: cast spell 'Statue Form'
 33787 | Spider:3 | XOM: medium Ice miscast
 33812 | Spider:3 | XOM: polymorph jumping spider -> redback
 33900 | Spider:3 | XOM: polymorph wolf spider -> alligator
 33904 | Spider:3 | XOM: mild Tmut miscast
 33942 | Spider:3 | XOM: harmless Conj miscast
 34111 | Spider:3 | XOM: give mutations
 34111 | Spider:3 | Lost mutation: Your magical capacity is low. (-10% MP) [Xom's mischief]
 34111 | Spider:3 | Gained mutation: You are weak. (Str -2) [Xom's mischief]
 34111 | Spider:3 | Lost mutation: You are weak. (Str -2) [Xom's mischief]
 34177 | Spider:4 | Entered Level 4 of the Spider Nest
 34371 | Spider:4 | Noticed Arachne
 34386 | Spider:4 | Killed Arachne
 34393 | Spider:3 | HP: 5/120 [spark wasp (14)]
 34393 | Spider:3 | Mangled by a spark wasp

Skill      XL: |  1  2  3  4  5  6  7  8  9 10 11 12 13 14 15 16 17 |
---------------+----------------------------------------------------+-----
Short Blades   | 4 5 6 8 9 10 11 12 13 14 | 14.5
Fighting       | 3 4 5 6 7 8 9 10 11 12 | 12.3
Dodging        | 2 3 4 5 6 7 8 9 10 11 12 13 | 13.7
Stealth        | 1 2 3 4 5 7 8 9 10 11 12 13 | 13.9
Slings         | 1 2 3 5 |  5.9
Shields        | 3 4 6 7 9 10 | 10.3
Evocations     | 1 3 5 6 8 9 10 11 | 11.8
Armour         | 5 7 8 |  8.8

Action                   |  1- 3 |  4- 6 |  7- 9 | 10-12 | 13-15 | 16-18 || total
-------------------------+-------+-------+-------+-------+-------+-------++-------
Melee: Short sword       |    70 |   216 |    93 |       |     4 |       ||   383
       Rapier            |       |       |   162 |   503 |  1450 |  1236 ||  3351
       Kick              |       |       |       |       |   258 |     6 ||   264
 Fire: Hunting sling     |       |    24 |    45 |       |    87 |   169 ||   325
Throw: Throwing net      |       |       |     5 |       |       |     1 ||     6
       Stone             |       |       |     1 |       |       |       ||     1
Evoke: Wand              |       |     5 |     2 |     8 |    24 |     8 ||    47
       Lamp of fire      |       |       |       |       |     1 |     1 ||     2
       Phantom mirror    |       |       |       |       |     1 |       ||     1
  Use: Scroll            |       |     6 |     4 |     8 |    16 |    11 ||    45
       Potion            |       |     3 |     5 |       |     4 |     4 ||    16
 Stab: Sleeping          |     2 |     1 |    11 |    11 |    25 |    40 ||    90
       Distracted        |       |     1 |     2 |     2 |     9 |     7 ||    21
       Invisible         |       |     3 |       |     2 |     9 |       ||    14
       Petrified         |       |     3 |       |       |       |       ||     3
       Paralysed         |       |     1 |     1 |     4 |     1 |       ||     7
       Confused          |       |       |     3 |     2 |     9 |    12 ||    26
  Eat: Chunk             |       |     8 |    16 |    13 |    30 |    18 ||    85
       Bread ration      |       |       |     1 |     1 |     1 |     1 ||     4
       Royal jelly       |       |       |       |     1 |       |       ||     1
       Meat ration       |       |       |       |       |     1 |     2 ||     3
Armor: Leather armour    |    15 |    50 |    43 |    13 |       |       ||   121
       Troll leather arm |       |       |       |    36 |       |       ||    36
       Ring mail         |       |       |       |    12 |   182 |   255 ||   449
       Skin              |       |       |       |       |       |     4 ||     4
Dodge: Dodged            |    52 |   135 |   155 |   264 |   932 |   869 ||  2407
Block: Buckler           |       |       |    19 |   104 |   410 |   331 ||   864
